 Dungeon Crawl Stone Soup version 0.31-a0-986-g5e6e4ef867 (webtiles) character file.

Game seed: 3269713179238300443

37 Xavori the Trooper (level 3, -3/30 HPs)
             Began as a Djinni Chaos Knight on Nov 6, 2023.
             Was a Plaything of Xom.
             Slain by a worm (9 damage)
             ... on level 2 of the Dungeon.
             The game lasted 00:01:44 (3762 turns).

Xavori the Trooper (Djinni Chaos Knight)            Turns: 3762, Time: 00:01:44

Health: -3/30      AC:  6    Str:  9    XL:     3   Next: 62%
Gold:   109        EV: 17    Int: 13    God:    Xom [*.....] SH:  4 Dex: 14

rFire   + + +        a - +0 falchion (chaos)
rCold   x . .        (no shield)
rNeg    . . .        j - +2 leather armour {rF+}
rPois   ∞            (no helmet)
rElec   .            g - +0 cloak
rCorr   .            (no gloves)
SInv    .            (boots unavailable)
Will    .....        (no amulet)
Stlth   +            e - +5 ring of evasion
HPRegen 0.25/turn    (no ring)
MPRegen 0.00/turn

%: infuse magic (-4 HP)
@: flying
A: sickness immunity, fire resistance 2, cold vulnerability 1, float, innate
caster, HP casting, extra vitality 1, large bone plates 1, weak 1
a: Renounce Religion


You were on level 2 of the Dungeon.
You worshipped Xom.
You were a special plaything of Xom.
You visited 1 branch of the dungeon, and saw 2 of its levels.

You collected 109 gold pieces.

Inventory:

Hand Weapons
 a - a +0 falchion of chaos (weapon)
Armour
 g - a +0 cloak (worn)
 j - a +2 leather armour of fire resistance (worn)
Jewellery
 e - a +5 ring of evasion (left hand)
Scrolls
 b - a scroll of fog {unknown}
 c - a scroll of butterflies
 i - a scroll of identify {unknown}
Potions
 f - a potion of haste {unknown}
 h - a potion of lignification {unknown}


   Skills:
 + Level 3.2 Fighting
 + Level 2.9 Long Blades
 + Level 1.4 Armour
 + Level 2.5 Dodging
 * Level 0.8 Spellcasting
 * Level 0.8 Conjurations
 * Level 0.8 Hexes
   Level 0.0 Charms
 * Level 0.8 Summonings
 * Level 0.8 Necromancy
 * Level 0.8 Translocations
 * Level 0.8 Transmutations
 * Level 0.8 Fire Magic
 * Level 0.8 Ice Magic
 * Level 0.8 Air Magic
 * Level 0.8 Earth Magic
 * Level 0.8 Poison Magic


You knew the following spells:

 Your Spells              Type           Power      Damage    Failure   Level
a - Apportation           Tloc           4%         N/A       28%         1
Your spell library was empty.

Dungeon Overview and Level Annotations

Branches:
Dungeon (2/15)

Altars:


Innate Abilities, Weirdness & Mutations

You are immune to sickness and miasma.
You are immune to poison.
Your flesh is very heat resistant. (rF++)
You are vulnerable to cold. (rC-)
You float through the air rather than walking.
You learn spells naturally, not from books.
Your magical power is your life essence.
You have superior vitality. (+4 MHP)
You are partially covered in large bone plates. (SH +4)
You are weak. (Str -2)


Message History

Found 4 gold pieces.
A worm comes into view.
You see here 4 gold pieces.
It was a potion of heal wounds.
You feel much better.
Xom thinks this is hilarious!
You barely miss the gnoll. You block the gnoll's attack.
You hit the gnoll.
The gnoll is moving more slowly.
The gnoll is moderately wounded.
The gnoll misses you. The gnoll closely misses you.
The gnoll barely misses you. x2
You hit the gnoll. You burn the gnoll.
The gnoll is severely wounded.
The gnoll completely misses you. The gnoll hits you with a +0 club.
You catch the helpless gnoll completely off-guard!
You hit the gnoll. You burn the gnoll.
The gnoll is severely wounded.
The gnoll hits you from afar with a +3 halberd!
The gnoll closely misses you.
You hit the gnoll.
The gnoll suddenly seems more agile.
The gnoll is almost dead.
The gnoll stops moving altogether!
The gnoll barely misses you. The worm closely misses you.
The helpless gnoll fails to defend itself.
You hit the gnoll.
The gnoll is almost dead.
The gnoll closely misses you. The worm bites you.
The helpless gnoll fails to defend itself.
You hit the gnoll. Lightning courses through the gnoll!
You kill the gnoll!
The gnoll barely misses you. The gnoll closely misses you.
The gnoll hits you with a +3 halberd!
* * * LOW HITPOINT WARNING * * *
Things that are here:
a +0 club; 4 gold pieces You barely miss the gnoll.
You hear Xom's avuncular chuckle.
The gnoll evaporates and reforms as a jelly!
The jelly hits you but does no damage. The worm bites you!
You die...
Xom chortles!

#)# #.# #.# #.# #.#
#g# #g# ###########
#.#
.......w@J#########.#
#########......._...#
#############


You could see a worm and a jelly.

Vanquished Creatures
  2 gnolls (D:2)
  3 endoplasms (D:1)
  A giant cockroach (D:2)
  A goblin (D:1)
  2 jackals (D:1)
  2 quokkas (D:1)
  A ball python (D:1)
  3 bats (D:1)
  A frilled lizard (D:1)
  A kobold (D:1)
  2 rats
19 creatures vanquished.

Notes
Turn   | Place    | Note
-------+----------+-------------------------------------------
     0 | D:1      | Xavori the Djinni Chaos Knight began the quest for the Orb.
     0 | D:1      | Reached XP level 1. HP: 20/20 MP: 0/0
   200 | D:1      | Reached XP level 2. HP: 25/25 MP: 0/0
   203 | D:1      | XOM: silly message
   328 | D:1      | XOM: silly message
  1124 | D:1      | XOM: silly message
  1536 | D:1      | XOM is BORED!
  1536 | D:1      | XOM: noise
  2457 | D:1      | XOM: summons 2 hostile demons
  2510 | D:2      | XOM: summons 2 hostile demons
  2511 | D:2      | Noticed a crimson imp
  2842 | D:1      | XOM: summons 4 hostile shadow creatures
  2927 | D:2      | XOM: silly message
  3049 | D:1      | XOM is BORED!
  3049 | D:1      | XOM: give mutations
  3049 | D:1      | Gained mutation: You are partially covered in large bone
                  | plates. (SH +4) [Xom's mischief]
  3049 | D:1      | Gained mutation: You are weak. (Str -2) [Xom's mischief]
  3523 | D:1      | XOM: silly message
  3718 | D:2      | XOM: 4-stop teleportation journey
  3726 | D:2      | XOM: god gift: curved smoking staff {god gift}
  3734 | D:2      | Reached XP level 3. HP: 16/30 MP: 0/0
  3734 | D:2      | Learned a level 1 spell: Apportation
  3739 | D:2      | Found a faded altar of an unknown god.
  3762 | D:2      | XOM: polymorph gnoll -> jelly
  3762 | D:2      | Slain by a worm

Illustrated notes

Levels and vault maps discovered:
D:1:      wander_arrival_lonely_grave, layout_loops_ring, serial_forest,
          infiniplex_forest_straight_1, infiniplex_forest_lined_room_,
          infiniplex_forest_clump_long, infiniplex_forest_clump_tiny,
          infiniplex_forest_zigzag_1, infiniplex_forest_lined_2,
          infiniplex_forest_zigzag_2, infiniplex_forest_lined_4_way
D:2:      layout_loops_ring, basic_ecumenical_altar

Action                     || total
---------------------------++-------
  Melee: Falchion          ||    50
         Punch             ||     2
    Use: Potion            ||     1
   Stab: Sleeping          ||     1
         Petrified         ||     2
         Petrifying        ||     1
 Armour: Leather armour    ||    30
  Dodge: Dodged            ||    32
  Block: Other             ||     1

Table legend: (Time is in decaauts)
 A = Elapsed time spent in this place.
 B = Non-inter-level travel time spent in this place.
 C = Inter-level travel time spent in this place.
 D = Time resting spent in this place.
 E = Time spent auto-exploring this place.
 F = Levels seen in this place.
 G = Mean time per level.
                   A        B        C        D        E       F      G
               +--------+--------+--------+--------+--------+-----+--------+
         Total |   3772 |   3753 |     19 |   2752 |    801 |   2 | 1886.0 |
       Dungeon |   3772 |   3753 |     19 |   2752 |    801 |   2 | 1886.0 |
               +--------+--------+--------+--------+--------+-----+--------+

Top non-repeatable levels by time:
     D:1: 3491 daAuts
     D:2: 281 daAuts
